Map: Echo LE (Void)

Players

EoliticK - Winner!

  • Race: Zerg Zerg

Bop

  • Race: Zerg Zerg

VOD

Have the link to the VOD?

Description

Time

  • Played on: May 6, 2015, 4:18 a.m.
  • Length: 6:41
Show
View Real Time Build Order
Export as new Build Order

EoliticK Zerg - Winner!

Build Orders: Hatch First 

Get SALT Encoding   

  12  0:01  Drone  
  13  0:08  Drone  
  14  0:18  Overlord  
  14  0:27  Drone, Extractor  
  15  0:36  Drone x2  
  17  0:44  Drone  
  18  0:55  Drone  
  19  0:57  Hatchery  
  18  1:06  Drone  
  19  1:11  Extractor  
  18  1:18  Drone  
  18  1:19  Spawning Pool  
  18  1:28  Drone  
  19  1:38  Overlord  
  19  2:00  Drone x2  
  21  2:06  Queen  
  23  2:09  Queen  
  23  2:10  Zergling x2  
  23  2:11  Drone  
  27  2:16  Metabolic Boost  
  27  2:24  Overlord  
  27  2:25  Drone  
  28  2:31  Drone  
  28  2:34  Drone  
  30  2:42  Drone x2  
  32  2:44  Queen  
  34  2:59  Evolution Chamber  
  34  3:04  Drone x4  
  36  3:07  Spine Crawler  
  35  3:19  Zergling x2  
  36  3:20  Zergling x14  
  36  3:23  Overlord  
  43  3:29  Overlord  
  43  3:32  Zerg Ground Armor Level 1  
  43  3:51  Drone x7  
  43  3:54  Drone  
  43  3:55  Drone x3  
  54  3:56  Drone  
  54  3:57  Evolution Chamber  
  53  4:06  Drone  
  53  4:07  Drone  
  49  4:21  Extractor  
  49  4:22  Extractor  
  46  4:25  Zerg Melee Weapons Level 1  
  46  4:26  Zergling x2  
  46  4:27  Zergling x16  
  55  4:34  Lair  
  55  4:37  Zergling x6  
  54  5:02  Zergling x12  
  54  5:05  Overlord x2  
  60  5:10  Extractor  
  59  5:21  Hatchery  
  59  5:23  Drone x3  
  59  5:25  Drone  
  61  5:29  Drone  
  61  5:30  Drone x2  
  61  5:34  Spire  
  63  5:37  Zergling x8  
  63  5:38  Queen  
  62  5:58  Drone x2  
  62  5:59  Drone x2  
  62  6:02  Zergling x16  
  69  6:23  Overlord  
Show
View Real Time Build Order
Export as new Build Order

Bop Zerg 

Build Orders: Hatch First 

Get SALT Encoding   

  12  0:01  Drone  
  13  0:13  Overlord  
  13  0:17  Drone  
  14  0:31  Drone x2  
  14  0:35  Drone  
  17  0:52  Hatchery  
  17  0:56  Drone  
  17  1:01  Drone  
  18  1:09  Extractor  
  17  1:18  Spawning Pool  
  16  1:21  Drone  
  16  1:22  Drone  
  18  1:35  Drone  
  19  1:41  Overlord  
  19  2:02  Drone  
  19  2:03  Drone  
  19  2:04  Queen  
  19  2:05  Queen  
  19  2:06  Zergling x2  
  26  2:09  Metabolic Boost  
  26  2:13  Zergling x2  
  27  2:18  Drone  
  28  2:23  Drone  
  28  2:27  Drone  
  30  2:37  Drone  
  30  2:38  Drone  
  30  2:40  Baneling Nest  
  30  2:44  Queen  
  33  2:54  Drone x2  
  33  2:57  Zergling x2  
  35  3:04  Overlord  
  35  3:06  Lair  
  35  3:15  Drone  
  35  3:19  Drone, Extractor  
  36  3:21  Extractor  
  36  3:24  Drone x6  
  41  3:28  Overlord  
  41  3:32  Zergling x2  
  42  3:35  Overlord  
  41  3:42  Zergling x2  
  41  3:43  Zergling x4  
  41  3:47  Zergling x2  
  41  3:48  Zergling x2  
  45  3:52  Baneling x2  
  45  3:57  Zergling x8  
  48  4:08  Zergling x8  
  44  4:19  Hydralisk Den  
  44  4:24  Overseer  
  43  4:29  Drone x4  
  47  4:32  Queen  
  47  4:35  Lurker Den  
  48  4:48  Queen  
  48  4:50  Overlord  
  47  4:54  Drone  
  47  4:55  Drone x2  
  47  4:56  Drone x2  
  47  4:57  Zergling x4  
  51  5:12  Drone x3  
  54  5:14  Extractor  
  54  5:19  Hydralisk  
  54  5:25  Hydralisk  
  54  5:27  Baneling x2  
  54  5:28  Baneling  
  55  5:34  Hydralisk x2  
  57  5:39  Drone  
  58  5:43  Zergling x2  
  58  5:44  Zergling x4  
  58  5:48  Overlord  
  60  5:55  Zergling x4  
  56  6:02  Lurker  
  55  6:05  Zergling x10  
  55  6:11  Zergling x2  
  56  6:12  Zergling x6  
Tags
 
Add a new tag
Caveats
  • Supply blocks, unpowered buildings, or Contaminate may cause inaccurate times.
  • Supply counts are checked every 10 seconds.